 Dungeon Crawl Stone Soup version 0.27.1-3-gb3d3a73c9e (webtiles) character file.

Game seed: 14476899482327388922

486 styxcanada the Covert (level 6, 0/32 HPs)
             Began as a Spriggan Brigand on Oct 10, 2021.
             Was an Initiate of Gozag.
             Slain by a gnoll (8 damage)
             ... on level 4 of the Dungeon.
             The game lasted 00:19:24 (5568 turns).

styxcanada the Covert (Spriggan Brigand)            Turns: 5568, Time: 00:19:25

Health: 0/32       AC:  4    Str:  7    XL:     6   Next: 89%
Magic:  7/7        EV: 19    Int: 18    God:    Gozag
Gold:   165        SH:  0    Dex: 19    Spells: 5/5 levels left

rFire    . . .     SeeInvis +   a - +3 dagger
rCold    . . .     Faith    .   (shield restricted)
rNeg     . . .     Spirit   .   b - +0 robe
rPois    .         Reflect  .   (helmet restricted)
rElec    .         Harm     .   c - +1 cloak
rCorr    .         Rampage  .   (gloves unavailable)
Will     +....                  (boots unavailable)
Stlth    ++++......             (no amulet)
HPRegen  0.10/turn              i - +6 ring of intelligence
MPRegen  0.10/turn              (no ring)

@: very quick
A: very small, no large weapons, unfitting armour, see invisible, speed 3
a: Renounce Religion, Potion Petition, Call Merchant, Bribe Branch


You were on level 4 of the Dungeon.
You worshipped Gozag.
Gozag was aware of your devotion.
You visited 2 branches of the dungeon, and saw 5 of its levels.

You collected 232 gold pieces.
You paid 67 gold pieces to Gozag.

Inventory:

Hand Weapons
 a - a +3 dagger (weapon)
 m - a +0 hunting sling
 o - a +1 short sword of speed
Missiles
 d - 13 poisoned darts (quivered)
 e - a curare-tipped dart
 j - 65 sling bullets
 l - 148 stones
Armour
 b - a +0 robe (worn)
 c - a +1 cloak (worn)
Jewellery
 i - a +6 ring of intelligence (left hand)
Scrolls
 f - a scroll of teleportation
 q - a scroll of identify
 s - a scroll of enchant weapon
 t - a scroll of magic mapping
Potions
 g - 3 potions of berserk rage
 h - 2 potions of mutation
 k - a potion of lignification
 n - a potion of invisibility
 p - a potion of heal wounds
 r - a potion of attraction {unknown}
 u - a potion of magic {unknown}


   Skills:
 * Level 2.7 Fighting
 + Level 3.8 Short Blades
 + Level 3.0 Throwing
 * Level 4.5 Dodging
 * Level 9.0 Stealth


You had 5 spell levels left.
You didn't know any spells.
Your spell library contained the following spells:

 Spells                   Type           Power      Damage    Failure   Level
 Sublimation of Blood     Necr           0%         N/A       32%         2
 Wereblood                Tmut           0%         N/A       32%         2
 Summon Hydra             Summ           0%         N/A       100%        7


Dungeon Overview and Level Annotations

Branches:
Dungeon (4/15)             Temple (1/1) D:4

Altars:
Ashenzari
Elyvilon
Gozag
Kikubaaqudgha
Okawaru
Ru
Uskayaw
Wu Jian
Xom
Yredelemnul
Zin

Shops:
D:1 [

Annotations:
D:3 3 runed translucent doors, Eryximachus's ghost, amateur MiBe


Innate Abilities, Weirdness & Mutations

You are very small and have problems with some larger weapons.
You are too small for most types of armour.
You have supernaturally acute eyesight. (SInv)
You cover ground extremely quickly. (Speed+++)


Message History

You throw a poisoned dart.
The poisoned dart barely misses the gnoll.
The gnoll looks more healthy.
The gnoll barely misses you.
The gnoll is distracted by your dazzling golden aura.
There is an escape hatch in the ceiling here.
You are no longer glowing.
The gnoll shouts! x3
The gnoll throws a throwing net.
The throwing net hits you.
You become entangled in the net!
You see here a throwing net.
You struggle against the net.
The gnoll is no longer distracted by gold.
You tear a large gash into the net.
The gnoll hits you with a +0 flail. The gnoll hits you but does no damage.
You struggle against the net.
The gnoll hits you with a +0 flail. The gnoll hits you with a +0 whip.
The gnoll hits you but does no damage.
You struggle against the net.
The gnoll barely misses you. The gnoll hits you with a +0 flail!
The gnoll hits you with a +0 club. The gnoll hits you with a +0 whip.
* * * LOW HITPOINT WARNING * * *
The gnoll barely misses you.
You rip the net and break free!
The gnoll completely misses you. x2
The gnoll closely misses you. The gnoll hits you but does no damage.
The gnoll barely misses you.
Throw: 15 darts (poison)
Press: ? - help, Q - select action, (/) - cycle Shift-Dir - straight line, f/p - gnoll
Aim: a gnoll, wielding a +0 club (moderately wounded, fast, 66% to hit)
You throw a poisoned dart.
The poisoned dart barely misses the gnoll.
The poisoned dart hits the gnoll.
The gnoll is poisoned.
The gnoll completely misses you.
Throw: 14 darts (poison)
Press: ? - help, Q - select action, (/) - cycle Shift-Dir - straight line, f/p - gnoll
Aim: a gnoll, wielding a +0 club (moderately wounded, fast, 66% to hit)
You throw a poisoned dart.
The poisoned dart completely misses the gnoll.
The poisoned dart hits the gnoll.
The gnoll is poisoned.
The gnoll hits you with a +0 club!
You die...
Your body crumbles into a pile of gold.

#..#...#.###.#####....#.##..#.
###.#......##.....#....####....
###.................#.....#......
#.......####.####..##...(.g......
........####.## #.###...#.(#.....
..............# #..#....#g.....$.
..?......>...####.###............
##..................#ggg.....(...
.###............@g...g(..........
.# ##......#...........##....<...
.# ##....)###[.........##........
####......# ##.........##........
#........####....##....##......#.
..........#.#....##.....#[.....#.
....##.#.......##.##.............
#...##.#.#...........###.#.......
##...#...............#.........<.


You could see 5 gnolls.

Vanquished Creatures
  Purgy (D:4)
  A scorpion (D:3)
  A gnoll shaman (D:4)
  Terence (D:2)
  3 orc wizards (D:3)
  2 hound zombies (D:3)
  A hound skeleton (D:4)
  6 adders
  An adder skeleton (D:4)
  A worm (D:3)
  3 dart slugs (D:2)
  4 orcs (D:3)
  7 bats
  9 endoplasms
  4 giant cockroaches
  5 goblins
  12 hobgoblins
  3 jackals (D:1)
  5 kobolds (D:2)
  5 quokkas
  5 ball pythons
  3 frilled lizards
  7 rats
90 creatures vanquished.

Vanquished Creatures (others)
  2 fungi (D:3)
2 creatures vanquished.

Grand Total: 92 creatures vanquished

Notes
Turn   | Place    | Note
-------+----------+-------------------------------------------
     0 | D:1      | styxcanada the Spriggan Brigand began the quest for the
                  | Orb.
     0 | D:1      | Reached XP level 1. HP: 10/10 MP: 2/2
    34 | D:1      | Reached skill level 6 in Stealth
   113 | D:1      | Reached XP level 2. HP: 5/15 MP: 3/3
   325 | D:1      | Found Tist's Antique Armour Emporium.
   884 | D:2      | Reached XP level 3. HP: 18/18 MP: 4/4
   913 | D:2      | Noticed Terence
   929 | D:2      | Reached skill level 7 in Stealth
  1578 | D:2      | Reached XP level 4. HP: 23/23 MP: 5/5
  1807 | D:2      | Killed Terence
  3009 | D:3      | Reached XP level 5. HP: 24/26 MP: 6/6
  3098 | D:3      | Reached skill level 8 in Stealth
  3621 | D:3      | Found a runed translucent gate.
  3621 | D:3      | Found a runed translucent gate.
  3621 | D:3      | Found a runed translucent gate.
  3621 | D:3      | Noticed Eryximachus's ghost (amateur MiBe)
  3623 | D:3      | Found a basalt altar of Yredelemnul.
  3647 | D:3      | Reached XP level 6. HP: 28/32 MP: 7/7
  3799 | D:3      | Found a faded altar of an unknown god.
  4790 | D:4      | Found a staircase to the Ecumenical Temple.
  4794 | Temple   | Entered the Ecumenical Temple
  4906 | Temple   | Became a worshipper of Gozag Ym Sagoz the Greedy
  5011 | D:4      | Noticed Purgy
  5030 | D:4      | Identified the +6 scale mail "Bempuunut" {+Inv Str+2 Dex+4}
  5058 | D:4      | Killed Purgy
  5059 | D:4      | Reached skill level 9 in Stealth
  5568 | D:4      | Slain by a gnoll

Illustrated notes

Levels and vault maps discovered:
D:1:      dpeg_arrival_ternary, layout_rooms, serial_shops, shop
D:2:      minmay_chambers_of_twos, layout_basic, uniq_terence
D:3:      layout_basic, nicolae_yredelemnul_ghost_church,
          dreamdust_ecumenical_altar_hidden_monk_grotto
D:4:      layout_cave_pools, minmay_temple_entry_mist, uniq_purgy
Temple:   roderic_octagonal_lattice_temple

Skill      XL: |  1  2  3  4  5  6 |
---------------+-------------------+-----
Stealth        | 6 7 8 9 |  9.0
Dodging        | 2 3 4 |  4.5
Fighting       | 2 |  2.7
Short Blades   | 3 |  3.8
Throwing       | 3 |  3.0

Action                   |  1- 3 |  4- 6 || total
-------------------------+-------+-------++-------
Melee: Dagger            |   106 |   209 ||   315
       Unarmed           |     1 |       ||     1
 Fire: Hunting sling     |       |     5 ||     5
Throw: Dart              |    21 |    42 ||    63
  Use: Scroll            |     4 |     8 ||    12
       Potion            |       |     1 ||     1
 Stab: Sleeping          |    10 |    14 ||    24
Armor: Robe              |    15 |    24 ||    39
       Skin              |       |     2 ||     2
Dodge: Dodged            |    93 |   144 ||   237
